AoeStats
← danjo

Migration

504409097Analyzed
1v1 RM · 29d ago on Sep 5, 2026· 42m 2s· 2 players
Game mode
Random Map
Map size
132×132
Population
200
Speed
Normal
Resources
Standard
Victory
Conquest
Starting age
Dark Age
Ending age
Imperial Age
RankedLock teamsTeams togetherTeam positionsShared explorationLock speedFull tech treeHidden civsTurbo modeCheats
Victory
Defeat
🇩🇪 Gurjaras · Germany
1050
+17
🇦🇺 Bulgarians · Australia
1067
-17
danjo
10:46 Feudal Age
16:03 Castle Age
15:07 Double-Bit Axe
16:56 Medium Warships
20:21 Stone Mining
22:19 Fishing Lines
22:58 Loom
23:57 Fletching
24:47 Scale Barding Armor
24:52 Forging
24:39 Bodkin Arrow
24:59 Gillnets
28:11 Gold Mining
30:23 Bow Saw
33:34 Imperial Age
31:47 Husbandry
31:58 Bloodlines
32:45 Gold Shaft Mining
34:59 Chain Barding Armor
34:56 Heavy Camel Rider
36:24 Conscription
36:50 Scale Mail Armor
38:18 Plate Barding Armor
38:19 Iron Casting
38:23 Heavy Warships
39:12 Chemistry
38:33 Ballistics
Jamdalf
11:47 Feudal Age
12:16 Double-Bit Axe
15:57 Loom
18:46 Castle Age
21:50 Forging
21:46 Scale Barding Armor
21:36 Gold Mining
21:39 Stone Mining
21:39 Horse Collar
25:49 Fletching
26:34 Iron Casting
26:00 Scale Mail Armor
27:12 Stirrups
28:17 Wheelbarrow
32:22 Gold Shaft Mining
32:06 Hand Cart
35:54 Imperial Age
36:33 Iron Casting
35:58 Scale Mail Armor
36:19 Chain Barding Armor
36:57 Bloodlines
36:48 Husbandry
38:40 Blast Furnace
38:16 Plate Barding Armor
37:56 Chain Mail Armor
Connection lost

Rejoining the realm…

Still unreachable

The connection could not be restored.

Session expired

The server has moved on; the page needs a fresh start.